 Dungeon Crawl Stone Soup version 0.14-a0-1707-g75daffb (webtiles) character file.

5980 artSturgeon the Basher (level 10, 0/84 HPs)
             Began as a Minotaur Death Knight on Oct 31, 2013.
             Was an Elder of Yredelemnul.
             Slain by an orc wizard
             ... wielding a -1,+1 orcish flail
              (3 damage)
             ... on Level 9 of the Dungeon on Dec 31, 2013.
             The game lasted 01:48:51 (10497 turns).

artSturgeon the Basher (Minotaur Death Knight)     Turns: 10497, Time: 01:48:51

HP   0/84        AC 20     Str 20      XL: 10   Next: 40%
MP  17/17        EV  9     Int 10      God: Yredelemnul [****..]
Gold 565         SH 11     Dex  9      Spells:  0 memorised,  9 levels left

rFire  . . .     SeeInvis .     z - +4,+5 flail (protect)
rCold  . . .     Clarity  .     G - +2 scale mail {MR+}
rNeg   . . .     Conserve .     p - +1 dwarf buckler
rPois  .         rCorr    .     (helmet restricted)
rElec  .         rRot     .     (no cloak)
SustAb . .       Spirit   .     A - +2 pair of gloves
rMut   .         Warding  .     P - +2 pair of dwarf boots {run}
Saprov . . .     Stasis   .     (no amulet)
                                (no ring)
                                (no ring)

@: quick, quite resistant to hostile enchantments, extremely unstealthy
A: retaliatory headbutt, horns 2
a: Animate Dead, Recall Undead Slaves, Injury Mirror, Drain Life, Renounce
Religion


You were on level 9 of the Dungeon.
You worshipped Yredelemnul.
Yredelemnul was greatly pleased with you.
You were near starving.

You visited 2 branches of the dungeon, and saw 10 of its levels.
You also visited: Ossuary.

You collected 615 gold pieces.
You spent 50 gold pieces at shops.

Inventory:

Hand weapons
 n - a +2,+2 hand axe of venom
 v - a +1,+4 mace of draining
 z - a +4,+5 flail of protection (weapon)
 N - a +0 blowgun
Missiles
 f - 45 darts (quivered)
 M - 14 poisoned needles
Armour
 p - a +1 dwarven buckler (worn)
 A - a +2 pair of gloves (worn)
 G - a +2 scale mail of magic resistance (worn)
 P - a +2 pair of dwarven boots of running (worn)
Magical devices
 a - a wand of magic darts (18) {unknown}
 l - a wand of confusion (16) {unknown}
 q - a wand of flame (8)
 y - a wand of paralysis (3)
 J - a wand of slowing (6)
 L - a wand of paralysis (12)
 O - a wand of slowing (14)
 Q - a wand of confusion (17) {unknown}
Comestibles
 c - 3 bread rations
 h - 4 meat rations
 s - 2 apples
 B - 6 royal jellies
 F - a grape
 H - an orange
Scrolls
 b - a scroll of immolation
 d - 2 scrolls of amnesia
 e - a scroll of enchant armour {unknown}
 i - 6 scrolls of remove curse
 k - a scroll of fear
 r - 4 scrolls of magic mapping
 u - a scroll of random uselessness {unknown}
 w - a scroll of recharging {unknown}
 I - a scroll of curse armour {unknown}
 K - 2 scrolls of enchant weapon II
Jewellery
 g - an uncursed ring of regeneration
 o - an uncursed ring of protection from magic {unknown}
Potions
 m - a potion of mutation
 t - 4 potions of agility
 C - 2 potions of brilliance
 D - a potion of cure mutation
 E - a potion of flight {unknown}
 R - 2 potions of curing
 T - a potion of restore abilities {unknown}
Books
 S - a book of Power

   Spells                             Type                      Level
   Iskenderun's Mystic Blast          Conjuration                  4
   Venom Bolt                         Conjuration/Poison           5
   Bolt of Magma                      Conjuration/Fire/Earth       5
   Fulminant Prism                    Conjuration/Hexes            5
   Iron Shot                          Conjuration/Earth            6
   Orb of Destruction                 Conjuration                  7
Magical staves
 x - an uncursed staff of cold {unknown}


   Skills:
 - Level 5.2 Fighting
 - Level 4.7 Axes
 - Level 13.3 Maces & Flails
 - Level 4.3 Armour
 - Level 1.1 Dodging
 - Level 5.0 Shields
 + Level 6.9 Invocations
 + Level 3.6 Evocations


You had 9 spell levels left.
You didn't know any spells.

Dungeon Overview and Level Annotations

Branches:
Dungeon (9/27)             Temple (1/1) D:5             Orc (0/4) D:7
   Lair: D:8-11

Altars:
Ashenzari
Cheibriados
Elyvilon
Fedhas
Kikubaaqudgha
Makhleb
Nemelex Xobeh
Okawaru
Sif Muna
Trog
Vehumet
Xom
Yredelemnul
Zin
the Shining One
Lugonu

Shops:
D:8 [


Innate Abilities, Weirdness & Mutations

You reflexively headbutt those who attack you in melee.
You have a pair of horns on your head.


Message History

The orc moves out of view.
The orc wizard gestures wildly while chanting.
The orc wizard seems to speed up.
You block the orc's attack. You block the orc's attack.
The orc wizard hits you but does no damage.
The orc wizard closely misses you. The orc wizard casts a spell at you.
The puff of frost hits you!
* * * LOW HITPOINT WARNING * * *
The orc wizard becomes somewhat translucent.
The orc wizard becomes somewhat translucent.
The orc throws a stone.
The stone misses you.
You see here a stone.
The orc wizard points at you and mumbles some strange words.
The puff of flame hits you!
* * * LOW HITPOINT WARNING * * *
There is an open door here.
The orc wizard hits you with an orcish flail.
You die...
Your body rises from the dead as a mindless zombie.

#.[......####....<...
#...C....# #........
#........# #######'#
#........# #.#
##C####### ##.# #o.#
#..# #####'######
###'## #.....o....#
#..... #.....@....####
#.....
#..........'..####.....
#..........##....'.....
#..........#######.....
#..........# #.....
#..........# #.....
#..........# #####'
########'## ##...
#....# ##..##


You could see a stone giant, an orc wizard and an orc.

Vanquished Creatures
  A cyclops (D:9)
  The ghost of TomPliss the Chopper, an average FoFi (Ossuary)
  An elf zombie (Ossuary)
  A hungry ghost (D:8)
  A hippogriff (D:6)
  Edmund (D:6)
  A sky beast (D:9)
  An ice beast (D:8)
  5 orc warriors
  A centaur (D:7)
  2 dwarves (D:8)
  A human zombie (Ossuary)
  A phantom (D:8)
  6 ogres
  2 wargs (D:7)
  6 jellies (D:8)
  2 water moccasins
  2 giant frogs
  6 killer bees (D:9)
  7 crimson imps
  A centaur zombie (Ossuary)
  7 wights (D:8)
  5 orc priests
  An iguana (D:8)
  5 worker ants
  A gnoll shaman (D:7)
  4 hounds
  5 orc wizards
  A sky beast zombie (D:9)
  2 big kobold zombies (Ossuary)
  2 mummies (Ossuary)
  4 gnolls
  4 scorpions
  2 worm zombies
  4 adders
  Ijyb (D:3)
  4 worms
  An adder skeleton (D:6)
  An adder zombie (Ossuary)
  4 giant eyeballs
  4 giant geckos
  5 oozes (D:8)
  33 orcs
  15 bats
  A bat skeleton (D:4)
  6 giant cockroaches
  18 goblins
  21 hobgoblins
  8 jackals
  15 kobolds
  8 giant newts
  6 goblin zombies
  12 hobgoblin zombies
  9 kobold zombies (Ossuary)
  An orc skeleton (D:8)
  6 orc zombies (Ossuary)
  A quokka (D:2)
  A quokka zombie (D:4)
  15 rats
  A rat zombie (Ossuary)
  9 ballistomycetes
  A plant (D:9)
304 creatures vanquished.

Vanquished Creatures (collateral kills)
  An orc warrior (D:9)
  An adder (D:9)
  2 orcs (D:9)
4 creatures vanquished.

Vanquished Creatures (others)
  A two-headed ogre (D:9)
  A wraith (D:9)
  A wight (D:4)
  A mummy (D:7)
  An adder skeleton (D:4)
  3 giant spores
  A goblin skeleton (D:4)
  A quokka (D:6)
  2 ballistomycetes (D:8)
12 creatures vanquished.

Grand Total: 320 creatures vanquished

Notes
Turn   | Place    | Note
--------------------------------------------------------------
     0 | D:1      | artSturgeon, the Minotaur Death Knight, began the quest for the Orb.
     0 | D:1      | Reached XP level 1. HP: 17/17 MP: 2/2
     6 | D:1      | Noticed a black mamba
     6 | D:1      | Noticed a black bear
     6 | D:1      | Noticed an iguana
     6 | D:1      | Noticed a six-headed hydra
     6 | D:1      | Noticed a killer bee
    14 | D:1      | Reached skill level 3 in Axes
   368 | D:1      | Reached XP level 2. HP: 24/24 MP: 2/2
   445 | D:1      | Reached skill level 4 in Axes
   563 | D:1      | Reached XP level 3. HP: 21/29 MP: 4/4
   778 | D:1      | Acquired Yredelemnul's second power
  1178 | D:2      | Reached XP level 4. HP: 25/37 MP: 4/4
  1758 | D:3      | Upgraded the game from 0.14-a0-484-gae2d0ec to 0.14-a0-629-g748cab2
  1774 | D:3      | Reached skill level 1 in Maces & Flails
  1807 | D:3      | Found a blossoming altar of Fedhas.
  1808 | D:3      | Noticed Ijyb
  1815 | D:3      | Killed Ijyb
  1815 | D:3      | Reached skill level 1 in Shields
  2086 | D:3      | Acquired Yredelemnul's third power
  2362 | D:3      | Reached XP level 5. HP: 42/42 MP: 5/5
  2713 | D:3      | Upgraded the game from 0.14-a0-629-g748cab2 to 0.14-a0-663-gfc8c466
  2869 | D:4      | Upgraded the game from 0.14-a0-663-gfc8c466 to 0.14-a0-848-g57a047c
  2877 | D:4      | Received a gift from Yredelemnul
  2894 | D:4      | Noticed an ogre
  2906 | D:4      | Killed an ogre
  2944 | D:4      | Reached skill level 5 in Maces & Flails
  2944 | D:4      | Reached XP level 6. HP: 50/50 MP: 6/6
  2965 | D:4      | Found a sand-covered staircase.
  2973 | Ossuary  | Entered an ossuary
  3001 | Ossuary  | Noticed TomPliss' ghost (average FoFi)
  3017 | Ossuary  | Killed TomPliss' ghost
  3017 | Ossuary  | Reached skill level 6 in Maces & Flails
  3169 | Ossuary  | Noticed an elf zombie
  3328 | Ossuary  | Reached skill level 5 in Shields
  3328 | Ossuary  | Reached XP level 7. HP: 33/56 MP: 7/7
  3385 | Ossuary  | Killed an elf zombie
  3590 | D:4      | Upgraded the game from 0.14-a0-848-g57a047c to 0.14-a0-852-g0ba292f
  3727 | D:4      | Reached skill level 5 in Fighting
  4144 | D:4      | Found a glowing silver altar of Zin.
  4144 | D:4      | Noticed an angel
  4282 | D:4      | Upgraded the game from 0.14-a0-852-g0ba292f to 0.14-a0-953-g9e7f188
  4286 | D:5      | Entered Level 5 of the Dungeon
  4423 | D:5      | Reached XP level 8. HP: 61/66 MP: 10/10
  4450 | D:5      | Found a basalt altar of Yredelemnul.
  4516 | D:5      | Found a sparkling altar of Nemelex Xobeh.
  4817 | D:5      | Found a staircase to the Ecumenical Temple.
  4828 | Temple   | Entered the Ecumenical Temple
  4946 | D:6      | Reached skill level 5 in Invocations
  4980 | D:6      | Found a burning altar of Makhleb.
  5076 | D:6      | Paralysed by a giant eyeball for 2 turns
  5185 | D:6      | Found a white marble altar of Elyvilon.
  5213 | D:6      | Acquired Yredelemnul's fourth power
  5315 | D:6      | Noticed Edmund
  5328 | D:6      | Killed Edmund
  5373 | D:6      | Upgraded the game from 0.14-a0-953-g9e7f188 to 0.14-a0-987-gc8002fa
  5449 | D:6      | Reached skill level 7 in Maces & Flails
  5562 | D:6      | Received a gift from Yredelemnul
  5742 | D:6      | Upgraded the game from 0.14-a0-987-gc8002fa to 0.14-a0-1007-gacdcbbe
  5903 | D:7      | Reached skill level 8 in Maces & Flails
  5931 | D:7      | Found a staircase to the Orcish Mines.
  6157 | D:7      | Gained mutation: You are frail (-10% HP). [potion of mutation]
  6157 | D:7      | Gained mutation: Your system is resistant to poisons. [potion of mutation]
  6157 | D:7      | Gained mutation: Space occasionally distorts in your vicinity. [potion of mutation]
  6161 | D:7      | Lost mutation: Your system is resistant to poisons. [potion of cure mutation]
  6161 | D:7      | Lost mutation: Space occasionally distorts in your vicinity. [potion of cure mutation]
  6161 | D:7      | Lost mutation: You are frail (-10% HP). [potion of cure mutation]
  6436 | D:7      | Reached skill level 9 in Maces & Flails
  6487 | D:7      | Found a shimmering altar of Xom.
  6601 | D:7      | Reached XP level 9. HP: 53/71 MP: 13/13
  6714 | D:7      | Reached skill level 10 in Maces & Flails
  7253 | D:7      | Received a gift from Yredelemnul
  7403 | D:7      | Paralysed by a giant eyeball for 2 turns
  7463 | D:7      | Upgraded the game from 0.14-a0-1007-gacdcbbe to 0.14-a0-1254-g249fea6
  7479 | D:8      | Reached skill level 11 in Maces & Flails
  7755 | D:8      | Upgraded the game from 0.14-a0-1254-g249fea6 to 0.14-a0-1266-g856eec9
  7762 | D:8      | Found a snail-covered altar of Cheibriados.
  7870 | D:8      | Reached skill level 12 in Maces & Flails
  7985 | D:8      | Paralysed by a giant eyeball for 4 turns
  7996 | D:8      | Paralysed by a giant eyeball for 3 turns
  8002 | D:8      | Paralysed by a giant eyeball for 3 turns
  8106 | D:8      | Found Zafota's Antique Armour Shop.
  8112 | D:8      | Bought a pair of glowing dwarven boots for 50 gold pieces
  8116 | D:8      | Identified a +2 pair of dwarven boots of running (You bought it in a shop on level 8 of the Dungeon)
  8319 | D:8      | Reached skill level 13 in Maces & Flails
  8350 | D:8      | Found an iron altar of Okawaru.
  8383 | D:8      | Reached XP level 10. HP: 84/84 MP: 14/14
  8603 | D:8      | Upgraded the game from 0.14-a0-1266-g856eec9 to 0.14-a0-1388-g200237c
  8938 | D:9      | Received a gift from Yredelemnul
  9006 | D:9      | Reached skill level 1 in Evocations
  9013 | D:9      | Acquired Yredelemnul's fifth power
  9182 | D:9      | Paralysed by a giant eyeball for 3 turns
  9651 | D:9      | Noticed a cyclops
  9739 | D:9      | Killed a cyclops
  9763 | D:9      | Noticed a stone giant
  9870 | D:9      | Found a shimmering altar of Xom.
  9871 | D:9      | Noticed a griffon
  9890 | D:9      | HP: 2/84 [griffon (4)]
 10236 | D:9      | Upgraded the game from 0.14-a0-1388-g200237c to 0.14-a0-1707-g75daffb
 10494 | D:9      | HP: 2/84 [orc wizard/puff of flame (6)]
 10497 | D:9      | Slain by an orc wizard

Action                   |  1- 3 |  4- 6 |  7- 9 | 10-12 || total
-------------------------+-------+-------+-------+-------++-------
Melee: Hand axe          |    98 |     7 |    62 |       ||   167
       Mace              |       |   208 |    93 |       ||   301
       Flail             |       |       |   337 |   151 ||   488
Throw: Dart              |       |       |    20 |     6 ||    26
Invok: No ability        |     1 |       |       |       ||     1
       No ability        |       |     2 |       |       ||     2
       No ability        |       |       |     1 |       ||     1
       No ability        |       |       |     1 |       ||     1
       Drain Life        |       |       |       |     1 ||     1
Evoke: Wand              |       |       |     3 |     5 ||     8
  Use: Scroll            |     1 |     7 |     8 |     4 ||    20
       Potion            |       |     6 |     8 |     1 ||    15
